AoeStats
← digitallimao

Arena

510173878Analyzed
2v2 RM · 17h ago on Sep 29, 2026· 34m 28s· 4 players
Game mode
Random Map
Map size
Medium (4 player)
Population
200
Speed
Normal
Resources
Standard
Victory
Conquest
Starting age
Dark Age
Ending age
Imperial Age
RankedLock teamsTeams togetherTeam positionsShared explorationLock speedFull tech treeHidden civsTurbo modeCheats
Victory
Defeat
🇹🇼 Persians · Taiwan
1611
+12
🇨🇳 Lithuanians · China
1567
+13
🇧🇷 Muisca · Brazil
1527
-13
🇧🇷 Turks · Brazil
1494
-12
rick rush
11:17 Feudal Age
14:55 Castle Age
14:15 Bloodlines
14:55 Forging
15:56 Double-Bit Axe
16:26 Scale Barding Armor
22:32 Loom
24:34 Chain Barding Armor
28:21 Fletching
digitallimao
9:34 Feudal Age
13:26 Castle Age
12:05 Double-Bit Axe
13:22 Gold Mining
13:40 Loom
19:46 Sanctity
22:11 Redemption
25:26 Wheelbarrow
24:34 Horse Collar
25:05 Bow Saw
27:09 Forging
28:03 Fervor
28:05 Town Watch
28:44 Atonement
35:27 Imperial Age
33:50 Hand Cart
33:42 Pikeman
34:22 Squires
jueaadjx
5:14 Loom
9:40 Feudal Age
12:21 Double-Bit Axe
14:33 Horse Collar
抖音KK
9:59 Feudal Age
11:16 Double-Bit Axe
13:57 Castle Age
11:52 Horse Collar
15:03 Bow Saw
15:23 Heavy Plow
16:09 Light Cavalry
18:52 Wheelbarrow
19:34 Gold Mining
20:56 Hand Cart
20:31 Loom
24:55 Imperial Age
22:27 Husbandry
24:38 Stone Mining
25:10 Bloodlines
25:00 Cavalier
26:04 Scale Barding Armor
26:09 Forging
27:13 Chain Barding Armor
29:18 Plate Barding Armor
29:45 Paladin
31:22 Devotion
33:27 Iron Casting
33:38 Coinage
33:30 Ballistics
32:52 Treadmill Crane
34:06 Conscription
33:45 Fletching
35:24 Stone Shaft Mining
35:22 Banking
Connection lost

Rejoining the realm…

Still unreachable

The connection could not be restored.

Session expired

The server has moved on; the page needs a fresh start.